 Dungeon Crawl Stone Soup version 0.23-a0-636-g0ff605794f (webtiles) character file.

36176 D1HalberdGnoll the Basher (level 14, -8/116 HPs)
             Began as a Formicid Abyssal Knight on Dec 28, 2018.
             Was the Champion of Lugonu.
             Killed from afar by an oklob plant (16 damage)
             ... with a splash of acid
             ... on level 5 of the Lair of Beasts.
             The game lasted 00:31:40 (20370 turns).

D1HalberdGnoll the Basher (FoAK)                   Turns: 20370, Time: 00:31:40

Health: -8/116     AC:  1    Str: 22    XL:     14   Next: 22%
Magic:  21/21      EV:  7    Int: 12    God:    Lugonu [******]
Gold:   1254       SH: 11    Dex: 10    Spells: 13/13 levels left

rFire    + . .     SeeInvis +   h - +8 whip "Snakebite" {curare, rPois}
rCold    + . .     Gourm    .   t - +0 shield
rNeg     . . .     Faith    .   d - +1 plate armour
rPois    +         Spirit   .   (helmet unavailable)
rElec    .         Reflect  .   N - scarf {rC+ rF+}
rCorr    .         Harm     .   B - +0 pair of gloves
MR       ++...     Clarity  +   (no boots)
Stlth    ..........             j - amulet of regeneration
HPRegen  0.69/turn              s - ring of poison resistance
MPRegen  0.17/turn              k - ring of protection from magic

@: corroded
A: permanent stasis, dig shafts and tunnels, four strong arms, antennae 3,
clarity, MP-powered wands
a: Dig, Shaft Self, Depart the Abyss, Bend Space, Banish, Corrupt, Enter the
Abyss, Brand Weapon With Distortion, Renounce Religion


You were on level 5 of the Lair of Beasts.
You worshipped Lugonu.
Lugonu was exalted by your worship.
You were hungry.

You visited 3 branches of the dungeon, and saw 19 of its levels.
You visited the Abyss 1 time.

You collected 1254 gold pieces.

Inventory:

Hand Weapons
 h - the +8 whip "Snakebite" (weapon) {curare, rPois}
   (You found it on level 1 of the Lair of Beasts)

   It poisons the flesh of those it strikes.
   It protects you from poison.
 I - a +3 mace of freezing
Missiles
 m - 2 throwing nets (quivered)
Armour
 d - a +1 plate armour (worn)
 t - a +0 shield (worn)
 B - a +0 pair of gloves (worn)
 N - a scarf of resistance (worn)
Jewellery
 j - an amulet of regeneration (around neck)
 k - a ring of protection from magic (right hand)
 s - a ring of poison resistance (left hand)
 z - a cursed -3 ring of strength {unknown}
Wands
 e - a wand of iceblast (12)
 q - a wand of flame (16)
 r - a wand of digging (5)
 v - a wand of paralysis (8)
 w - a wand of acid (18)
 y - a wand of disintegration (34)
 D - a wand of random effects (20)
Scrolls
 a - 3 scrolls of remove curse
 f - a scroll of vulnerability
 g - 2 scrolls of enchant armour
 l - 3 scrolls of amnesia
 p - 3 scrolls of enchant weapon
 x - 3 scrolls of identify
 A - a scroll of fog
 G - 3 scrolls of magic mapping
Potions
 b - 3 potions of flight
 i - 2 potions of resistance
 n - 2 potions of might
 o - 3 potions of lignification
 u - a potion of brilliance
 C - 2 potions of mutation
 E - a potion of agility
 F - a potion of cancellation
 H - a potion of invisibility
 K - 2 potions of curing
Comestibles
 c - 15 rations


   Skills:
 + Level 12.6 Fighting
 - Level 14.0 Maces & Flails
 - Level 10.1 Armour
 - Level 0.8 Dodging
 * Level 7.7 Shields
 - Level 10.0 Invocations
 + Level 6.5 Evocations


You had 13 spell levels left.
You didn't know any spells.
Your spell library contained the following spells:

 Spells                   Type           Power        Failure   Level  Hunger
 Confusing Touch          Hex            #.....       99%         1    ##.....
 Shock                    Conj/Air       #...         99%         1    ##.....
 Summon Butterflies       Summ           #.......     99%         1    ##.....
 Shroud of Golubria       Chrm/Tloc      #.........   100%        2    ###....
 Swiftness                Chrm/Air       #.......     100%        2    ###....
 Call Canine Familiar     Summ           #.......     100%        3    ####...
 Confuse                  Hex            #.......     100%        3    ####...
 Gell's Gravitas          Tloc           #.........   100%        3    ####...
 Ignite Poison            Fire/Tmut/Pois #.......     100%        3    ####...
 Lesser Beckoning         Tloc           #.........   100%        3    ####...
 Static Discharge         Conj/Air       #.......     100%        3    ####...
 Teleport Other           Tloc           #.......     100%        3    ####...
 Airstrike                Air            #.........   100%        4    #####..
 Passage of Golubria      Tloc           N/A          100%        4    #####..
 Petrify                  Tmut/Erth      #.......     100%        4    #####..
 Summon Ice Beast         Ice/Summ       #.......     100%        4    #####..
 Summon Lightning Spire   Summ/Air       #.......     100%        4    #####..
 Bolt of Magma            Conj/Fire/Erth #.........   100%        5    ######.
 Iskenderun's Battlesphe  Conj/Chrm      #.......     100%        5    ######.
 Lightning Bolt           Conj/Air       #.........   100%        5    ######.
 Metabolic Englaciation   Hex/Ice        #.........   100%        5    ######.
 Silence                  Hex/Air        #.........   100%        5    ######.
 Summon Mana Viper        Hex/Summ       #.......     100%        5    ######.
 Venom Bolt               Conj/Pois      #.........   100%        5    ######.
 Yara's Violent Unravell  Hex/Tmut       #.........   100%        5    ######.
 Conjure Ball Lightning   Conj/Air       #.........   100%        6    #######
 Deflect Missiles         Chrm/Air       #.........   100%        6    #######
 Hydra Form               Tmut           #.........   100%        6    #######
 Iron Shot                Conj/Erth      #.........   100%        6    #######
 Orb of Destruction       Conj           #.........   100%        7    #######
 Spellforged Servitor     Conj/Summ      #.........   100%        7    #######
 Summon Hydra             Summ           #.........   100%        7    #######
 Tornado                  Air            #.........   100%        9    #######
 Blink                    Tloc           Unusable     N/A         2    N/A

Dungeon Overview and Level Annotations

Branches:
Dungeon (12/15)            Temple (1/1) D:6            Lair (6/6) D:9
  Swamp (0/4) Lair:4       Spider (0/4) Lair:4          Orc (0/2) D:10
  Slime: Lair:5-6

Altars:
Ashenzari
Cheibriados
Dithmenos
Elyvilon
Fedhas
Gozag
Hepliaklqana
Kikubaaqudgha
Makhleb
Nemelex Xobeh
Okawaru
Qazlal
Ru
Sif Muna
Trog
Uskayaw
Vehumet
Wu Jian
Xom
Yredelemnul
Zin
The Shining One

Portals:
Trove: D:12 (give +3 storm dragon scales)
Gauntlet: D:12

Annotations:
Lair:5 exclusion: 4 oklob plants


Innate Abilities, Weirdness & Mutations

You cannot be hasted, slowed, berserked, paralysed or teleported.
You can dig through walls and to a lower floor.
Your four strong arms can wield two-handed weapons with a shield.
You have a pair of large antennae on your head. (SInv)
You possess an exceptional clarity of mind.
You expend magic power (3 MP) to strengthen your wands.


Message History

* * * LOW HITPOINT WARNING * * *
You see here a peridot ring.
z - a peridot ring The oklob plant spits acid at you.
The splash of acid hits you!
* * * LOW HITPOINT WARNING * * *
The acid corrodes you!
You are splashed with acid!
The acid burns!
* * * LOW HITPOINT WARNING * * *
The oklob plant spits acid at you. The splash of acid hits you!
* * * LOW HITPOINT WARNING * * *
The acid corrodes you!
You are splashed with acid!
The acid burns!
* * * LOW HITPOINT WARNING * * *
Okay, then.
Okay, then.
Are you sure you want to shaft yourself?
You are feeling hungry.
The oklob plant spits acid at you. The splash of acid hits you!
You die...

##......P.. ......P...
....PP.... #....PP...
#......... #.........
##.....[...
#.#@.......
##..........
#.........P# .....
###..(.....##........
#........#.........
###..................
##....................
#........##.#.........
##....................


You could see 4 oklob plants.

Vanquished Creatures
  Kirke (Lair:5)
  2 hydras (Lair:4)
  2 catoblepae
  Erica (Lair:2)
  Urug (D:10)
  An unseen horror (D:10)
  A hornet (D:8)
  8 black mambas
  5 spiny frogs
  A torpor snail (Lair:4)
  3 komodo dragons
  3 rime drakes
  2 kobold demonologists (D:12)
  2 ice devils (Lair:2)
  A polar bear (Lair:4)
  22 blink frogs
  Grinder (D:4)
  5 hippogriffs
  13 dream sheep (Lair:6)
  9 yaks (Lair:4)
  A wyvern (Lair:4)
  3 hogs (Lair:5)
  A basilisk (Lair:3)
  A hungry ghost (D:10)
  Menkaure (D:4)
  17 water moccasins
  7 porcupines
  An orc warrior (D:6)
  3 ice beasts
  3 sky beasts
  An eye of draining (D:10)
  A phantom (D:9)
  5 ogres
  12 wolves
  14 crocodiles
  11 centaurs
  3 big kobolds
  8 bullfrogs
  A scorpion (D:10)
  13 killer bees
  5 wights
  2 howler monkeys (D:8)
  2 electric eels (Lair:4)
  4 crimson imps
  3 jellies
  2 quasits
  6 orc priests
  3 gnoll shamans
  2 hounds
  14 orc wizards
  2 centaur skeletons
  An iron imp (D:9)
  8 iguanas
  2 hell rats (Lair:6)
  9 worker ants
  3 hound skeletons
  A howler monkey zombie (D:5)
  3 worker ant zombies
  Robin (D:4)
  12 adders
  46 gnolls
  5 river rats (Lair:6)
  4 shadow imps
  An adder zombie (D:7)
  3 worms
  3 dart slugs
  8 leopard geckos
  58 orcs
  12 bats
  7 giant cockroaches
  7 hobgoblins
  31 jackals
  3 quokkas
  5 frilled lizards
  16 goblins
  A jackal skeleton (D:9)
  12 kobolds
  A leopard gecko skeleton (D:4)
  10 rats
509 creatures vanquished.

Vanquished Creatures (collateral kills)
  A hornet (D:8)
  2 soldier ants (D:8)
  An orc warrior (D:10)
  An orc priest (D:10)
  21 orcs
26 creatures vanquished.

Vanquished Creatures (others)
  3 hydras
  An acid dragon (D:9)
  4 orc warriors
  An ogre (D:8)
  2 bullfrogs
  8 fungi
19 creatures vanquished.

Grand Total: 554 creatures vanquished

Notes
Turn   | Place    | Note
-------+----------+-------------------------------------------
     0 | Abyss:1  | D1HalberdGnoll the Formicid Abyssal Knight began the quest
                  | for the Orb.
     0 | Abyss:1  | Reached XP level 1. HP: 18/18 MP: 2/2
    56 | Abyss:1  | Noticed a large abomination
    60 | D:1      | Escaped the Abyss
    71 | D:1      | Noticed an electric eel
    85 | D:1      | Reached XP level 2. HP: 22/24 MP: 3/3
    95 | D:1      | Reached * piety under Lugonu
   610 | D:1      | Reached XP level 3. HP: 29/29 MP: 4/4
   775 | D:2      | Reached skill level 3 in Maces & Flails
   849 | D:2      | Reached ** piety under Lugonu
   974 | D:2      | Reached XP level 4. HP: 23/37 MP: 6/6
  1685 | D:2      | Found a sparkling altar of Nemelex Xobeh.
  1723 | D:3      | Reached XP level 5. HP: 42/42 MP: 7/7
  1893 | D:3      | Found a glowing silver altar of Zin.
  2005 | D:3      | Reached skill level 4 in Maces & Flails
  2300 | D:3      | Found a sacrificial altar of Ru.
  2996 | D:4      | Reached XP level 6. HP: 46/49 MP: 8/8
  3055 | D:4      | Reached *** piety under Lugonu
  3061 | D:4      | Found a shimmering altar of Xom.
  3080 | D:4      | Noticed an ogre
  3087 | D:4      | Killed an ogre
  3099 | D:4      | Reached skill level 5 in Maces & Flails
  3117 | D:4      | Noticed Robin
  3149 | D:3      | Reached XP level 7. HP: 12/55 MP: 10/10
  3428 | D:4      | Killed Robin
  3685 | D:4      | Reached skill level 5 in Fighting
  3687 | D:4      | Noticed Menkaure
  3698 | D:4      | Killed Menkaure
  3820 | D:4      | Found a bloodstained altar of Trog.
  3862 | D:4      | Noticed Grinder
  3880 | D:4      | Killed Grinder
  3880 | D:4      | Reached skill level 6 in Maces & Flails
  3880 | D:4      | Reached skill level 5 in Invocations
  3880 | D:4      | Reached XP level 8. HP: 63/63 MP: 10/12
  4058 | D:5      | Entered Level 5 of the Dungeon
  4547 | D:5      | Reached **** piety under Lugonu
  4790 | D:5      | Found a sparkling altar of Nemelex Xobeh.
  5055 | D:5      | Reached skill level 7 in Maces & Flails
  5098 | D:5      | Gained mutation: You possess an exceptional clarity of
                  | mind. [potion of mutation]
  5098 | D:5      | Gained mutation: You expend magic power (3 MP) to
                  | strengthen your wands. [potion of mutation]
  5115 | D:5      | You fall through a shaft!
  5342 | D:6      | Found a burning altar of Makhleb.
  5908 | D:5      | Reached XP level 9. HP: 68/71 MP: 13/13
  6180 | D:6      | Found a staircase to the Ecumenical Temple.
  6239 | Temple   | Entered the Ecumenical Temple
  6621 | D:6      | Reached skill level 8 in Maces & Flails
  7882 | D:7      | Reached skill level 9 in Maces & Flails
  8273 | D:7      | Reached XP level 10. HP: 72/79 MP: 15/15
  8645 | D:8      | Reached ***** piety under Lugonu
  8943 | D:8      | Reached skill level 5 in Armour
  9167 | D:8      | Killed a hornet
  9167 | D:8      | Reached skill level 10 in Maces & Flails
  9638 | D:8      | Found an iron altar of Okawaru.
  9993 | D:9      | Found a snail-covered altar of Cheibriados.
 10211 | D:9      | Found a staircase to the Lair.
 10436 | D:9      | You fall through a shaft for 3 floors!
 10554 | D:12     | Reached XP level 11. HP: 83/87 MP: 17/17
 10698 | D:12     | Found a portal to a secret trove of treasure.
 10743 | D:12     | Found a gate leading to a gauntlet.
 10786 | D:10     | Entered Level 10 of the Dungeon
 10829 | D:10     | Noticed an unseen horror
 10859 | D:10     | Killed an unseen horror
 10859 | D:10     | Reached skill level 11 in Maces & Flails
 11733 | D:9      | Identified the Compendium of Self-Improvement and
                  | Transformation
 11974 | D:10     | Noticed Urug
 11988 | D:10     | Killed Urug
 12088 | D:10     | Noticed a two-headed ogre
 12413 | D:10     | Reached skill level 10 in Invocations
 12948 | D:10     | Reached ****** piety under Lugonu
 13077 | D:10     | Found a staircase to the Orcish Mines.
 13300 | Lair:1   | Entered Level 1 of the Lair of Beasts
 13482 | Lair:1   | Found a shattered altar of Ashenzari.
 13585 | Lair:1   | Noticed an eight-headed hydra
 13589 | Lair:1   | Banished an eight-headed hydra
 13610 | Lair:1   | Reached skill level 12 in Maces & Flails
 13817 | Lair:1   | Reached skill level 10 in Fighting
 13817 | Lair:1   | Reached XP level 12. HP: 86/97 MP: 19/19
 14157 | Lair:1   | Found the +8 whip "Snakebite" {curare, rPois}
 14988 | Lair:2   | You fall through a shaft for 2 floors!
 15005 | Lair:4   | Noticed a catoblepas
 15283 | Lair:3   | Noticed a six-headed hydra
 15324 | Lair:3   | Banished a six-headed hydra
 15324 | Lair:3   | Reached skill level 13 in Maces & Flails
 15785 | Lair:2   | HP: 5/100 [ice devil (9)]
 15786 | Lair:2   | You fall through a shaft for 2 floors!
 15827 | Lair:4   | HP: 3/100 [porcupine (10)]
 15966 | Lair:4   | Reached skill level 1 in Evocations
 15998 | Lair:4   | Killed a catoblepas
 15998 | Lair:4   | Reached XP level 13. HP: 26/106 MP: 20/20
 16237 | Lair:4   | Found a staircase to the Swamp.
 16357 | Lair:4   | Found a runed door.
 16807 | Lair:4   | Found a hole to the Spider Nest.
 16809 | Lair:4   | Noticed a six-headed hydra
 16813 | Lair:4   | Banished a six-headed hydra
 16856 | Lair:4   | Reached skill level 14 in Maces & Flails
 16980 | Lair:4   | Noticed a six-headed hydra
 16994 | Lair:4   | Killed a six-headed hydra
 16994 | Lair:4   | Reached skill level 10 in Armour
 17790 | Lair:4   | Noticed a five-headed hydra
 17803 | Lair:4   | Killed a five-headed hydra
 17803 | Lair:4   | Reached skill level 1 in Shields
 18739 | Lair:2   | Noticed Erica
 18750 | Lair:2   | Killed Erica
 18863 | Lair:2   | Reached skill level 5 in Evocations
 19289 | Lair:5   | You fall through a shaft!
 19289 | Lair:6   | Entered Level 6 of the Lair of Beasts
 19314 | Lair:6   | Reached skill level 5 in Shields
 19581 | Lair:6   | Noticed a catoblepas
 19601 | Lair:6   | Killed a catoblepas
 19601 | Lair:6   | Reached XP level 14. HP: 105/116 MP: 21/21
 19927 | Lair:5   | Noticed Kirke
 19956 | Lair:5   | Killed Kirke
 20370 | Lair:5   | Killed from afar by an oklob plant

Vault maps used:
D:1:      arrival_aquarium_a, minmay_misc_feat_diagonals
D:2:      nemelex_diamond_rough_becter
D:3:      lemuel_doored_altar, zin_academy, first_ration
D:4:      bloody_trog, overflow_temple_1_default, uniq_menkaure, uniq_grinder,
          uniq_robin
D:5:      lemuel_castle_with_subvaults, nemelex_spade_bored_becter
D:6:      old_standard_altar, minmay_temple_entry_junction, eino_tiny_chamber
D:7:      serial_bayou_pond_d
D:8:      minmay_recursive_quarters, hangedman_pestilent_swarm,
          kennysheep_flooded_box, st_stairs_9, grunt_decor_resistance,
          lemuel_centaur_altar
D:9:      minmay_octagon_keep, slow_altar_1, lair_entry_dummy, roderic_lattice_a
D:10:     david_orc_2, special_room, uniq_urug
D:11:     ploomutoo_gammafunk_ghost_potion_laboratory, okawaru_ov_weapons_minmay
D:12:     gauntlet_entry_generic, enter_trove_6
Temple:   kb_temple_of_zot
Lair:1:   minmay_guarded_unrand_snakebite, basic_altar, minivault_19
Lair:2:   portal_ice_cave_demonic_guard, uniq_erica
Lair:3:   minivault_25
Lair:4:   swamp_mist_pool, spider_nest_entry_web_field, pf_torpor_hydra
Lair:5:   dpeg_oklob_1, grunt_megastairs_4, uniq_kirke
Lair:6:   due_jungle_book, slime_altar_1, kennysheep_rathole,
          infiniplex_staircase_pool

Skill      XL: |  1  2  3  4  5  6  7  8  9 10 11 12 13 14 |
---------------+-------------------------------------------+-----
Maces & Flails | 3 4 5 6 7 9 10 12 13 14 | 14.0
Invocations    | 3 4 5 6 7 9 10 | 10.0
Fighting       | 4 5 6 7 8 10 11 12 | 12.6
Armour         | 4 5 7 9 10 | 10.1
Evocations     | 1 5 6 |  6.5
Shields        | 6 7 |  7.7
Dodging        | |  0.8

Action                   |  1- 3 |  4- 6 |  7- 9 | 10-12 | 13-15 || total
-------------------------+-------+-------+-------+-------+-------++-------
Melee: Mace              |   100 |   190 |    26 |   452 |       ||   768
       Dagger            |       |       |   440 |       |       ||   440
       Dire flail        |       |       |   179 |   335 |       ||   514
       Whip              |       |       |       |   218 |   459 ||   677
Invok: Depart the Abyss  |     1 |       |       |       |       ||     1
       Banish            |       |       |     2 |     7 |     4 ||    13
       Bend Space        |       |       |       |     1 |       ||     1
 Abil: Dig               |       |       |     5 |     4 |       ||     9
       Shaft Self        |       |       |     1 |     2 |     1 ||     4
Evoke: Wand              |       |     1 |     8 |    14 |    10 ||    33
  Use: Scroll            |       |     7 |     6 |    12 |     2 ||    27
       Potion            |       |     2 |     6 |     8 |       ||    16
 Stab: Paralysed         |       |     3 |    18 |       |       ||    21
       Invisible         |       |       |       |     3 |       ||     3
  Eat: Chunk             |       |     7 |    12 |    16 |    12 ||    47
       Ration            |       |       |     2 |     6 |     1 ||     9
Armor: Plate armour      |   137 |   197 |   482 |   695 |   163 ||  1674
Dodge: Dodged            |    45 |    89 |   203 |   316 |    85 ||   738
Block: Shield            |       |       |       |       |    81 ||    81

Table legend:
 A = Non-vault XP
 B = Vault XP
 C = Vault XP percentage of total XP
 D = Non-vault monster count
 E = Vault monster count
 F = Vault count percentage of total count
                 A         B        C        D         E       F
            +---------+---------+-------+---------+---------+-------
      Total |   38297 |   13383 |  25.9 |     386 |     159 |  29.2
            +---------+---------+-------+---------+---------+-------
        D:1 |      30 |       0 |   0.0 |      16 |       0 |   0.0
        D:2 |      66 |       0 |   0.0 |      35 |       0 |   0.0
        D:3 |     182 |       7 |   3.7 |      35 |       4 |  10.3
        D:4 |     294 |     469 |  61.5 |      14 |      11 |  44.0
        D:5 |     186 |     746 |  80.0 |       6 |      54 |  90.0
        D:6 |     737 |       0 |   0.0 |      26 |       0 |   0.0
        D:7 |    1500 |       0 |   0.0 |      32 |       0 |   0.0
        D:8 |    1097 |    1579 |  59.0 |      34 |      12 |  26.1
        D:9 |    1219 |     550 |  31.1 |      28 |      14 |  33.3
       D:10 |    2490 |    1238 |  33.2 |      32 |      32 |  50.0
       D:12 |    1015 |       0 |   0.0 |       9 |       0 |   0.0
     Lair:1 |    2704 |    2523 |  48.3 |      11 |      13 |  54.2
     Lair:2 |    3018 |    1624 |  35.0 |      17 |       3 |  15.0
     Lair:3 |    6257 |       0 |   0.0 |      27 |       0 |   0.0
     Lair:4 |    8923 |    1402 |  13.6 |      33 |       2 |   5.7
     Lair:5 |    3156 |    3110 |  49.6 |      13 |       6 |  31.6
     Lair:6 |    5423 |     135 |   2.4 |      18 |       8 |  30.8
            +---------+---------+-------+---------+---------+-------
